Map: Site Delta LE

Players

Stats - Winner!

  • Race: Protoss Protoss
  • League: Master
  • Spawn Location: 11:00

DnS

  • Race: Protoss Protoss
  • Spawn Location: 5:00

Event: Bellum Gens Elite Stara Zagora 2024

VOD

Have the link to the VOD?

Description

Time

  • Played on: Sept. 6, 2024, 12:15 p.m.
  • Length: 4:58

All games in this series

Show
View Real Time Build Order
Export as new Build Order

Stats Protoss - Winner!

Build Orders:  

Get SALT Encoding   

  12  0:00  Probe  
  13  0:12  Probe  
  14  0:19  Pylon  
  14  0:24  Probe  
  15  0:37  Probe (Chrono Boost)  
  15  0:39  Gateway  
  16  0:46  Assimilator, Probe (Chrono Boost)  
  17  0:51  Probe (Chrono Boost)  
  18  1:03  Probe  
  19  1:15  Probe  
  20  1:26  Pylon  
  20  1:27  Cybernetics Core, Probe  
  23  1:44  Probe  
  24  1:52  Nexus  
  22  1:56  Assimilator, Probe  
  23  2:03  Stalker (Chrono Boost)  
  23  2:05  Warp Gate (Chrono Boost)  
  25  2:12  Pylon  
  25  2:14  Probe  
  26  2:25  Stalker (Chrono Boost)  
  28  2:33  Cybernetics Core  
  28  2:35  Probe  
  29  2:41  Pylon  
  29  2:51  Stalker (Chrono Boost)  
  31  3:00  Probe  
  31  3:05  Gateway  
  32  3:07  Gateway  
  32  3:08  Probe  
  33  3:15  Shield Battery  
  33  3:21  Stalker  
  35  3:31  Pylon  
  35  3:33  Probe x2  
  35  3:45  Probe x2  
  37  3:58  Gateway  
  37  4:00  Stalker x2  
  41  4:07  Stalker  
  43  4:10  Pylon  
  43  4:13  Probe x2  
  42  4:27  Probe x2  
  42  4:30  Stalker x2  
  45  4:36  Stalker  
  47  4:39  Probe (Chrono Boost)  
  48  4:48  Probe x2 (Chrono Boost)  
Show
View Real Time Build Order
Export as new Build Order

DnS Protoss 

Build Orders: Oracle Opening 

Get SALT Encoding   

  12  0:00  Probe  
  13  0:12  Probe  
  14  0:17  Pylon  
  14  0:24  Probe (Chrono Boost)  
  15  0:36  Probe (Chrono Boost)  
  15  0:39  Gateway  
  16  0:45  Probe (Chrono Boost)  
  16  0:46  Assimilator  
  17  0:51  Probe  
  18  1:03  Probe  
  19  1:15  Probe (Chrono Boost)  
  19  1:17  Pylon  
  19  1:18  Assimilator  
  20  1:23  Pylon  
  20  1:25  Probe (Chrono Boost)  
  21  1:29  Probe (Chrono Boost)  
  22  1:37  Cybernetics Core  
  22  1:38  Zealot  
  24  1:41  Probe  
  25  1:53  Probe  
  26  2:05  Probe  
  27  2:16  Stargate  
  27  2:28  Probe  
  27  2:37  Adept  
  27  2:43  Probe, Pylon  
  27  2:44  Nexus  
  30  2:47  Pylon  
  30  2:50  Warp Gate  
  30  2:56  Probe  
  31  3:00  Oracle (Chrono Boost)  
  34  3:12  Stalker  
  36  3:14  Probe  
  37  3:26  Probe, Pylon  
  38  3:41  Oracle (Chrono Boost)  
  39  3:42  Pylon  
  39  3:50  Stalker  
  41  3:56  Probe x2  
  43  4:03  Shield Battery  
  43  4:08  Probe x2  
  41  4:20  Probe x2  
  38  4:32  Probe x2  
  38  4:37  Gateway  
  37  4:38  Stalker  
Tags
 
Add a new tag
Caveats
  • Supply blocks, unpowered buildings, or Contaminate may cause inaccurate times.
  • Supply counts are checked every 10 seconds.